[ AOE2 MATCH · #505961026 ]
UnrankedTatars vs Wu
Player's team · LOSS
Rival team · WIN
[ REPLAY ANALYSIS · EXTRACTED FROM THE RECORDED GAME ]
Feudal
8:33
Castle
22:21
Imperial
—
| APM avg | 73.7 |
| APM peak | 113 |
| eAPM avg | 39.4 |
| Villagers / military | 103 / 61 |
Focus
⚔️ 24.7% · 🌾 75.3%
Cavalry Archer ×45 · Mangonel ×7 · Skirmisher ×6 · Scout Cavalry ×3
Feudal
9:15
Castle
20:42
Imperial
—
| APM avg | 52.7 |
| APM peak | 96 |
| eAPM avg | 26.5 |
| Villagers / military | 129 / 98 |
Focus
⚔️ 41.7% · 🌾 58.3%
Archer ×83 · Mangonel ×7 · Militia ×3 · Spearman ×3 · Unknown (1968) ×3 · Unknown (1974) ×3
Match map
Initial resources + every placement click. Lines = walls · curves = elevation contours. ◆ gold · ⬟ stone · ● berries · ✦ relic · ◌ wall gap
Your base· ✓ Closed at 22:21 · 50t walls · 1 gate(s)
♣ Juanmpi ♣'s base· Open — opponent sealed themselves in
Smoothed initial terrain · ◌ = detected wall gap · hover for details
Inputs per minute
— Diago - - ♣ Juanmpi ♣
Build order — Diago
First 150 of 309 actions detected
| 0:02 | Queue | Villager (Male) |
| 0:02 | Queue | Villager (Male) |
| 0:03 | Queue | Villager (Male) |
| 0:04 | Build | House |
| 0:05 | Build | House |
| 0:19 | Queue | Villager (Male) |
| 1:29 | Queue | Villager (Male) |
| 1:29 | Queue | Villager (Male) |
| 1:49 | Queue | Villager (Male) |
| 2:00 | Build | Lumber Camp |
| 2:28 | Queue | Villager (Male) |
| 2:47 | Queue | Villager (Male) |
| 2:48 | Queue | Villager (Male) |
| 3:14 | Queue | Villager (Male) |
| 3:22 | Queue | Villager (Male) |
| 3:29 | Build | House |
| 3:56 | Queue | Villager (Male) |
| 4:20 | Queue | Villager (Male) |
| 4:25 | Build | Mill |
| 4:39 | Queue | Villager (Male) |
| 5:23 | Queue | Villager (Male) |
| 5:41 | Research | Loom |
| 5:41 | Research | Loom |
| 6:23 | Research | Feudal Age |
| 6:24 | Research | Feudal Age |
| 7:02 | Build | House |
| 7:24 | Queue | Villager (Male) |
| 7:35 | Build | Barracks |
| 8:20 | Queue | Villager (Male) |
| 8:33 | Age | Feudal Age |
| 8:35 | Build | Stable |
| 8:46 | Research | Double-Bit Axe |
| 8:46 | Research | Double-Bit Axe |
| 8:52 | Build | Palisade Wall |
| 8:54 | Build | Palisade Wall |
| 8:55 | Build | Palisade Wall |
| 8:57 | Build | Palisade Wall |
| 9:05 | Build | Palisade Gate |
| 9:07 | Queue | Villager (Male) |
| 9:10 | Build | Palisade Gate |
| 9:15 | Build | Palisade Wall |
| 9:18 | Queue | Scout Cavalry |
| 9:18 | Queue | Scout Cavalry |
| 9:19 | Queue | Villager (Male) |
| 9:45 | Build | Farm |
| 9:46 | Queue | Villager (Male) |
| 9:48 | Build | House |
| 10:16 | Build | Farm |
| 10:20 | Queue | Scout Cavalry |
| 10:24 | Build | Palisade Gate |
| 10:30 | Build | House |
| 10:36 | Queue | Villager (Male) |
| 10:44 | Build | Palisade Wall |
| 10:49 | Build | Farm |
| 10:55 | Build | House |
| 10:57 | Build | Palisade Wall |
| 11:03 | Queue | Villager (Male) |
| 11:06 | Build | Farm |
| 11:18 | Build | House |
| 11:19 | Queue | Villager (Male) |
| 11:34 | Build | House |
| 11:35 | Build | House |
| 11:48 | Queue | Villager (Male) |
| 11:55 | Build | Palisade Wall |
| 11:59 | Queue | Villager (Male) |
| 12:22 | Queue | Villager (Male) |
| 12:27 | Build | Archery Range |
| 12:38 | Queue | Villager (Male) |
| 12:40 | Build | Farm |
| 13:13 | Queue | Skirmisher |
| 13:13 | Queue | Skirmisher |
| 13:16 | Build | Farm |
| 13:17 | Build | Farm |
| 13:21 | Queue | Villager (Male) |
| 13:46 | Queue | Villager (Male) |
| 13:47 | Build | Farm |
| 14:10 | Queue | Villager (Male) |
| 14:28 | Queue | Skirmisher |
| 14:29 | Queue | Skirmisher |
| 14:34 | Build | Palisade Wall |
| 14:36 | Queue | Villager (Male) |
| 14:48 | Build | Blacksmith |
| 14:56 | Build | Palisade Wall |
| 14:57 | Queue | Villager (Male) |
| 14:59 | Build | Farm |
| 15:10 | Build | Palisade Wall |
| 15:15 | Queue | Skirmisher |
| 15:15 | Queue | Villager (Male) |
| 15:25 | Queue | Villager (Male) |
| 15:27 | Build | House |
| 15:30 | Build | Palisade Wall |
| 15:39 | Queue | Villager (Male) |
| 15:41 | Research | Fletching |
| 15:41 | Research | Fletching |
| 15:44 | Build | Farm |
| 15:49 | Build | Mining Camp |
| 16:16 | Queue | Villager (Male) |
| 16:42 | Queue | Villager (Male) |
| 16:46 | Queue | Villager (Male) |
| 17:03 | Queue | Villager (Male) |
| 17:05 | Build | Market |
| 17:13 | Queue | Skirmisher |
| 17:37 | Build | Farm |
| 17:38 | Research | Wheelbarrow |
| 18:00 | Build | Palisade Wall |
| 18:38 | Build | Farm |
| 18:57 | Build | Mining Camp |
| 19:36 | Build | Palisade Wall |
| 19:41 | Research | Castle Age |
| 19:41 | Research | Castle Age |
| 19:45 | Build | Lumber Camp |
| 19:52 | Build | Archery Range |
| 19:56 | Research | Gold Mining |
| 19:56 | Research | Gold Mining |
| 20:01 | Build | Farm |
| 20:02 | Build | Farm |
| 20:29 | Research | Horse Collar |
| 20:29 | Research | Horse Collar |
| 20:29 | Research | Horse Collar |
| 20:43 | Research | Bloodlines |
| 20:43 | Research | Bloodlines |
| 21:14 | Build | House |
| 21:29 | Build | House |
| 21:36 | Research | Padded Archer Armor |
| 21:36 | Research | Padded Archer Armor |
| 21:41 | Build | House |
| 22:04 | Build | House |
| 22:21 | Age | Castle Age |
| 22:24 | Queue | Cavalry Archer |
| 22:24 | Queue | Cavalry Archer |
| 22:26 | Build | Siege Workshop |
| 22:28 | Queue | Villager (Male) |
| 22:29 | Research | Bow Saw |
| 22:30 | Research | Bow Saw |
| 22:48 | Queue | Mangonel |
| 22:50 | Build | Outpost |
| 23:01 | Research | Town Watch |
| 23:01 | Queue | Villager (Male) |
| 23:07 | Build | House |
| 23:12 | Build | House |
| 23:18 | Queue | Villager (Male) |
| 23:36 | Queue | Villager (Male) |
| 23:51 | Queue | Mangonel |
| 24:02 | Build | Farm |
| 24:22 | Queue | Villager (Male) |
| 24:24 | Build | Town Center |
| 24:27 | Build | Farm |
| 24:27 | Build | Farm |
| 24:30 | Queue | Cavalry Archer |
| 24:30 | Queue | Cavalry Archer |
Build order — ♣ Juanmpi ♣
First 150 of 361 actions detected
| 0:00 | Queue | Villager (Male) |
| 0:01 | Build | House |
| 0:03 | Build | House |
| 0:05 | Queue | Villager (Male) |
| 0:08 | Queue | Villager (Male) |
| 0:10 | Queue | Villager (Male) |
| 1:30 | Queue | Villager (Male) |
| 1:56 | Queue | Villager (Male) |
| 2:05 | Build | Lumber Camp |
| 2:13 | Queue | Villager (Male) |
| 2:47 | Queue | Villager (Male) |
| 3:11 | Queue | Villager (Male) |
| 3:27 | Build | House |
| 3:32 | Queue | Villager (Male) |
| 3:32 | Queue | Villager (Male) |
| 4:11 | Queue | Villager (Male) |
| 4:21 | Queue | Villager (Male) |
| 5:15 | Queue | Villager (Male) |
| 5:35 | Build | Barracks |
| 5:36 | Queue | Villager (Male) |
| 5:44 | Queue | Villager (Male) |
| 5:48 | Build | Palisade Wall |
| 6:00 | Build | House |
| 6:26 | Research | Loom |
| 6:31 | Build | Palisade Wall |
| 7:03 | Research | Feudal Age |
| 7:06 | Queue | Militia |
| 7:07 | Queue | Militia |
| 7:13 | Build | Mining Camp |
| 8:05 | Queue | Militia |
| 8:31 | Build | Mill |
| 8:32 | Queue | Villager (Male) |
| 8:44 | Queue | Villager (Male) |
| 9:15 | Age | Feudal Age |
| 9:18 | Research | Double-Bit Axe |
| 9:20 | Research | Man-at-Arms (upgrade) |
| 9:38 | Build | Palisade Wall |
| 9:39 | Build | Palisade Wall |
| 9:41 | Build | Palisade Wall |
| 9:48 | Queue | Spearman |
| 9:52 | Queue | Villager (Male) |
| 9:53 | Build | Farm |
| 9:55 | Build | Farm |
| 9:57 | Build | Palisade Wall |
| 9:58 | Build | Palisade Wall |
| 9:59 | Build | Palisade Wall |
| 10:00 | Build | Palisade Wall |
| 10:02 | Build | House |
| 10:23 | Build | House |
| 10:28 | Queue | Villager (Male) |
| 10:30 | Build | Farm |
| 10:43 | Build | Farm |
| 10:47 | Queue | Villager (Male) |
| 10:59 | Build | Farm |
| 11:01 | Build | Palisade Wall |
| 11:03 | Build | Palisade Wall |
| 11:05 | Build | Palisade Wall |
| 11:06 | Build | Palisade Wall |
| 11:15 | Queue | Villager (Male) |
| 11:17 | Build | Farm |
| 11:21 | Build | Palisade Wall |
| 11:23 | Build | Palisade Wall |
| 11:24 | Build | Palisade Wall |
| 11:25 | Build | Palisade Wall |
| 11:28 | Build | Palisade Wall |
| 11:30 | Build | Palisade Wall |
| 11:32 | Build | Palisade Wall |
| 11:37 | Queue | Villager (Male) |
| 11:49 | Queue | Spearman |
| 11:52 | Build | Farm |
| 11:57 | Queue | Villager (Male) |
| 12:11 | Queue | Spearman |
| 12:22 | Queue | Villager (Male) |
| 12:41 | Queue | Villager (Male) |
| 12:52 | Build | Archery Range |
| 13:00 | Queue | Villager (Male) |
| 13:04 | Build | House |
| 13:08 | Queue | Villager (Male) |
| 13:11 | Build | Palisade Wall |
| 13:28 | Queue | Villager (Male) |
| 13:30 | Build | Palisade Wall |
| 13:32 | Queue | Villager (Male) |
| 13:46 | Build | Farm |
| 13:48 | Queue | Villager (Male) |
| 13:49 | Build | Farm |
| 14:02 | Queue | Villager (Male) |
| 14:11 | Queue | Villager (Male) |
| 14:17 | Queue | Villager (Male) |
| 14:23 | Queue | Villager (Male) |
| 14:25 | Build | Farm |
| 14:28 | Queue | Archer |
| 14:29 | Queue | Archer |
| 14:36 | Queue | Archer |
| 14:43 | Build | Farm |
| 14:50 | Research | Horse Collar |
| 14:54 | Build | House |
| 15:23 | Queue | Archer |
| 15:27 | Build | House |
| 15:28 | Build | Palisade Wall |
| 15:29 | Build | Palisade Wall |
| 15:29 | Build | Palisade Wall |
| 15:30 | Build | Palisade Wall |
| 15:39 | Queue | Villager (Male) |
| 15:53 | Build | Blacksmith |
| 15:55 | Build | House |
| 15:56 | Build | House |
| 15:56 | Queue | Villager (Male) |
| 16:09 | Queue | Villager (Male) |
| 16:10 | Queue | Villager (Male) |
| 16:19 | Queue | Villager (Male) |
| 16:23 | Queue | Villager (Male) |
| 16:23 | Queue | Villager (Male) |
| 16:25 | Queue | Archer |
| 16:25 | Queue | Archer |
| 16:26 | Queue | Villager (Male) |
| 16:26 | Queue | Villager (Male) |
| 16:43 | Queue | Villager (Male) |
| 16:48 | Queue | Archer |
| 16:49 | Queue | Archer |
| 16:49 | Queue | Villager (Male) |
| 16:51 | Queue | Villager (Male) |
| 17:07 | Build | Farm |
| 17:10 | Build | House |
| 17:27 | Build | Farm |
| 17:33 | Build | Farm |
| 17:34 | Build | Farm |
| 17:35 | Build | Farm |
| 17:46 | Build | House |
| 17:47 | Build | Palisade Wall |
| 18:01 | Research | Castle Age |
| 18:07 | Build | Farm |
| 18:09 | Build | House |
| 18:16 | Research | Fletching |
| 18:43 | Build | Archery Range |
| 18:47 | Build | House |
| 18:51 | Build | Palisade Wall |
| 19:04 | Research | Gold Mining |
| 19:05 | Queue | Villager (Male) |
| 19:07 | Build | Palisade Wall |
| 19:09 | Queue | Archer |
| 19:18 | Research | Padded Archer Armor |
| 19:28 | Queue | Archer |
| 19:37 | Queue | Archer |
| 19:53 | Build | Palisade Wall |
| 19:54 | Build | Palisade Wall |
| 19:55 | Queue | Archer |
| 20:11 | Build | House |
| 20:12 | Build | House |
| 20:13 | Queue | Villager (Male) |
| 20:23 | Queue | Archer |
Match timeline
| 5:35 | ♣ Juanmpi ♣ · first_building Barracks |
| 5:48 | ♣ Juanmpi ♣ · wall_segment Palisade Wall x1 |
| 6:31 | ♣ Juanmpi ♣ · wall_segment Palisade Wall x1 |
| 7:35 | Diago · first_building Barracks |
| 8:33 | Diago · age_up feudal |
| 8:35 | Diago · first_building Stable |
| 8:52 | Diago · wall_segment Palisade Wall x1 |
| 8:54 | Diago · wall_segment Palisade Wall x1 |
| 8:55 | Diago · wall_segment Palisade Wall x1 |
| 8:57 | Diago · wall_segment Palisade Wall x1 |
| 9:15 | Diago · wall_segment Palisade Wall x1 |
| 9:15 | ♣ Juanmpi ♣ · age_up feudal |
| 9:38 | ♣ Juanmpi ♣ · wall_segment Palisade Wall x1 |
| 9:39 | ♣ Juanmpi ♣ · wall_segment Palisade Wall x1 |
| 9:41 | ♣ Juanmpi ♣ · wall_segment Palisade Wall x1 |
| 9:57 | ♣ Juanmpi ♣ · wall_segment Palisade Wall x1 |
| 9:58 | ♣ Juanmpi ♣ · wall_segment Palisade Wall x1 |
| 9:59 | ♣ Juanmpi ♣ · wall_segment Palisade Wall x1 |
| 10:00 | ♣ Juanmpi ♣ · wall_segment Palisade Wall x1 |
| 10:44 | Diago · wall_segment Palisade Wall x1 |
| 10:57 | Diago · wall_segment Palisade Wall x1 |
| 11:01 | ♣ Juanmpi ♣ · wall_segment Palisade Wall x1 |
| 11:03 | ♣ Juanmpi ♣ · wall_segment Palisade Wall x1 |
| 11:05 | ♣ Juanmpi ♣ · wall_segment Palisade Wall x1 |
| 11:06 | ♣ Juanmpi ♣ · wall_segment Palisade Wall x1 |
| 11:21 | ♣ Juanmpi ♣ · wall_segment Palisade Wall x1 |
| 11:23 | ♣ Juanmpi ♣ · wall_segment Palisade Wall x1 |
| 11:24 | ♣ Juanmpi ♣ · wall_segment Palisade Wall x1 |
| 11:25 | ♣ Juanmpi ♣ · wall_segment Palisade Wall x1 |
| 11:28 | ♣ Juanmpi ♣ · wall_segment Palisade Wall x1 |
| 11:30 | ♣ Juanmpi ♣ · wall_segment Palisade Wall x1 |
| 11:32 | ♣ Juanmpi ♣ · wall_segment Palisade Wall x1 |
| 11:55 | Diago · wall_segment Palisade Wall x2 |
| 12:27 | Diago · first_building Archery Range |
| 12:52 | ♣ Juanmpi ♣ · first_building Archery Range |
| 13:11 | ♣ Juanmpi ♣ · wall_segment Palisade Wall x1 |
| 13:30 | ♣ Juanmpi ♣ · wall_segment Palisade Wall x1 |
| 14:34 | Diago · wall_segment Palisade Wall x4 |
| 14:56 | Diago · wall_segment Palisade Wall x3 |
| 15:10 | Diago · wall_segment Palisade Wall x1 |
| 15:28 | ♣ Juanmpi ♣ · wall_segment Palisade Wall x1 |
| 15:29 | ♣ Juanmpi ♣ · wall_segment Palisade Wall x1 |
| 15:29 | ♣ Juanmpi ♣ · wall_segment Palisade Wall x1 |
| 15:30 | ♣ Juanmpi ♣ · wall_segment Palisade Wall x1 |
| 15:30 | Diago · wall_segment Palisade Wall x14 |
| 17:47 | ♣ Juanmpi ♣ · wall_segment Palisade Wall x10 |
| 18:00 | Diago · wall_segment Palisade Wall x14 |
| 18:45 | Diago · first_market_sell 100 wood |
| 18:47 | Diago · first_market_buy 100 food |
| 18:51 | ♣ Juanmpi ♣ · wall_segment Palisade Wall x13 |
| 19:07 | ♣ Juanmpi ♣ · wall_segment Palisade Wall x1 |
| 19:36 | Diago · wall_segment Palisade Wall x7 |
| 19:53 | ♣ Juanmpi ♣ · wall_segment Palisade Wall x1 |
| 19:54 | ♣ Juanmpi ♣ · wall_segment Palisade Wall x4 |
| 20:27 | ♣ Juanmpi ♣ · wall_segment Palisade Wall x1 |
| 20:42 | ♣ Juanmpi ♣ · age_up castle |
| 20:51 | ♣ Juanmpi ♣ · first_building Siege Workshop |
| 21:12 | ♣ Juanmpi ♣ · wall_segment Palisade Wall x1 |
| 21:13 | ♣ Juanmpi ♣ · wall_segment Palisade Wall x1 |
| 21:14 | ♣ Juanmpi ♣ · wall_segment Palisade Wall x1 |
| 22:21 | Diago · age_up castle |
| 22:26 | Diago · first_building Siege Workshop |
| 27:29 | ♣ Juanmpi ♣ · wall_segment Palisade Wall x1 |
| 27:30 | ♣ Juanmpi ♣ · wall_segment Palisade Wall x1 |
| 33:57 | ♣ Juanmpi ♣ · first_building Monastery |
| 36:16 | ♣ Juanmpi ♣ · first_building Castle |
| 39:00 | ♣ Juanmpi ♣ · wall_segment Palisade Wall x1 |
| 39:09 | Diago · resign |
[ AI ANALYSIS · 1 CREDIT ]
What really happened in this match?
Wolo.gg analyzes every decision: build order, eco, micro, common mistakes by bracket. Personalized analysis on WhatsApp or Discord in 30 seconds.
Civ guide
Tatars
Perfil
Jugador #1979159